 Dungeon Crawl Stone Soup version 0.25.0-9-g26727b657a (webtiles) character file.

Game seed: 16602783523294798536

224 Froggeryz the Sneak (level 6, -5/48 HPs)
             Began as a Vine Stalker Assassin on June 17, 2020.
             Slain by Prince Ribbit (13 damage)
             ... on level 5 of the Dungeon.
             The game lasted 00:04:13 (1969 turns).

Froggeryz the Sneak (Vine Stalker Assassin)         Turns: 1969, Time: 00:04:14

Health: -5/48      AC:  3    Str: 16    XL:     6   Next: 0%
Magic:  0/7        EV: 12    Int: 11    God:
Gold:   207        SH:  0    Dex: 15    Spells: 5/5 levels left

rFire    . . .     SeeInvis .   a - +2 dagger
rCold    . . .     Gourm    .   (no shield)
rNeg     . . .     Faith    .   b - +0 robe
rPois    .         Spirit   +   (no helmet)
rElec    .         Reflect  .   c - +0 cloak
rCorr    .         Harm     .   (no gloves)
MR       .....                  (no boots)
Stlth    ..........             (no amulet)
HPRegen  0.56/turn              m - ring of flight
MPRegen  0.10/turn              (no ring)

@: berserking, very quick
A: fangs 2, regeneration 1, magic shield, antimagic bite, no potion heal 3, rot
immunity
a: Evoke Flight


You were on level 5 of the Dungeon.
You were hungry.

You visited 1 branch of the dungeon, and saw 5 of its levels.

You collected 207 gold pieces.

Inventory:

Hand Weapons
 a - a +2 dagger (weapon)
Missiles
 d - 7 poisoned darts (quivered)
Armour
 b - a +0 robe (worn)
 c - a +0 cloak (worn)
Jewellery
 m - a ring of flight (left hand)
 p - an uncursed amulet of faith
Wands
 o - a wand of enslavement (8)
 u - a wand of paralysis (6)
Scrolls
 g - 2 scrolls of identify
 i - a scroll of immolation
Potions
 j - a potion of heal wounds
 k - a potion of ambrosia {unknown}
 l - a potion of brilliance {unknown}
 n - a potion of berserk rage
 r - a potion of lignification {unknown}
 t - a potion of magic {unknown}
Comestibles
 f - 4 rations
 h - a chunk of flesh


   Skills:
 + Level 2.9 Fighting
 * Level 3.7 Short Blades
 - Level 1.7 Throwing
 + Level 2.0 Dodging
 + Level 5.9 Stealth


You had 5 spell levels left.
You didn't know any spells.
Your spell library was empty.

Dungeon Overview and Level Annotations

Branches:
Dungeon (6/15)
 Temple: D:4-7

Altars:
Uskayaw
The Shining One

Annotations:
D:5 Prince Ribbit


Innate Abilities, Weirdness & Mutations

You have extremely sharp teeth.
Your natural rate of healing is unusually fast.
When hurt, damage is shared between your health and your magic reserves.
Your bite disrupts and absorbs the magic of your enemies.
Potions cannot restore your health.
You are immune to rotting.


Message History

Aim: Prince Ribbit (lightly wounded)
You throw a curare-tipped dart.
The curare-tipped dart barely misses Prince Ribbit.
Throwing (i - inventory)
d - 8 poisoned darts (quivered)
Press: ? - help, Shift-Dir - straight line, f/p - Prince Ribbit
Aim: Prince Ribbit (lightly wounded)
You throw a poisoned dart.
The poisoned dart barely misses Prince Ribbit.
You are too injured to fight recklessly!
It was a potion of berserk rage.
A red film seems to cover your vision as you go berserk!
You feel yourself moving faster!
You feel mighty!
Prince Ribbit hits you but does no damage.
You closely miss Prince Ribbit. Your bite misses Prince Ribbit.
Prince Ribbit is lightly wounded.
Prince Ribbit lets out a mournful croak.
Prince Ribbit blinks!
You feel a strong urge to attack something.
Prince Ribbit hits you!
You die...

#. #.###
#.#![ #.#$#
##.#.#
##....#
##.....##
.##(....>(##
.......@...#
###....F..##
##.....##
##.....
##.#..#
#.#..#
#.##.# #. $.


You could see Prince Ribbit.

Vanquished Creatures
  A howler monkey (D:3)
  A hound (D:6)
  A jelly (D:6)
  5 adders
  2 worms (D:2)
  4 dart slugs
  2 leopard geckos (D:3)
  An orc (D:3)
  A ball python (D:2)
  13 bats
  7 giant cockroaches
  4 goblins
  4 hobgoblins
  2 jackals (D:2)
  6 kobolds
  6 frilled lizards
  A jackal zombie (D:6)
  9 rats
70 creatures vanquished.

Notes
Turn   | Place    | Note
-------+----------+-------------------------------------------
     0 | D:1      | Froggeryz the Vine Stalker Assassin began the quest for the
                  | Orb.
     0 | D:1      | Reached XP level 1. HP: 11/11 MP: 2/2
   238 | D:1      | Reached skill level 1 in Dodging
   238 | D:1      | Reached XP level 2. HP: 15/15 MP: 3/3
   239 | D:1      | Reached skill level 5 in Stealth
   425 | D:1      | Reached XP level 3. HP: 12/18 MP: 2/4
   965 | D:2      | Gained mutation: Your natural rate of healing is unusually
                  | fast. [Vine Stalker growth]
   965 | D:2      | Reached XP level 4. HP: 17/23 MP: 5/5
  1244 | D:2      | Found a glowing golden altar of the Shining One.
  1426 | D:3      | Reached XP level 5. HP: 6/27 MP: 2/6
  1797 | D:3      | Found a hide-covered altar of Uskayaw.
  1813 | D:3      | You fall into a shaft and drop 3 floors!
  1814 | D:6      | Noticed a phantom
  1870 | D:6      | Reached XP level 6. HP: 22/32 MP: 3/7
  1914 | D:6      | Noticed an ice beast
  1915 | D:6      | Noticed an ice beast
  1960 | D:5      | Entered Level 5 of the Dungeon
  1960 | D:5      | Noticed Prince Ribbit
  1969 | D:5      | Slain by Prince Ribbit

Illustrated notes

Levels and vault maps discovered:
D:1:      dpeg_cavernosity, layout_basic, st_stairs_3, minmay_tromino_v4_c
D:2:      minmay_alternating_diamond, layout_rooms,
          lemuel_coloured_pillars_altar, solitary_fountain,
          chequers_serial_rivers_micro_b
D:3:      layout_rooms, eat_drink_and_be_merry_uskayaw, first_ration,
          grunt_ministairs_7
D:5:      layout_loops_ring, grunt_gozag_statues, nicolae_zen_rock_garden,
          due_unseen_surprise, uniq_prince_ribbit1, uniq_sigmund
D:6:      layout_rooms

Skill      XL: |  1  2  3  4  5 |
---------------+----------------+-----
Short Blades   | 2 3 |  3.7
Dodging        | 1 2 |  2.0
Stealth        | 5 |  5.9
Fighting       | 2 |  2.9
Throwing       | |  1.7

Action                   |  1- 3 |  4- 6 || total
-------------------------+-------+-------++-------
Melee: Dagger            |   102 |   123 ||   225
       Bite              |    23 |    23 ||    46
Throw: Dart              |       |     3 ||     3
  Use: Scroll            |       |     3 ||     3
       Potion            |       |     2 ||     2
 Stab: Sleeping          |    11 |     6 ||    17
       Distracted        |       |     1 ||     1
  Eat: Chunk             |       |     3 ||     3
Armor: Robe              |    38 |    23 ||    61
Dodge: Dodged            |    73 |    60 ||   133
